 Dungeon Crawl Stone Soup version 0.29.0-5-ge4962eb29e (webtiles) character file.

Game seed: 12595534031980981264

755 blackman the Skirmisher (level 8, -1/54 HPs)
             Began as a Human Wanderer on Aug 29, 2022.
             Was a Priest of Cheibriados.
             Succumbed to a killer bee's poison
             ... on level 5 of the Dungeon.
             The game lasted 00:13:25 (4461 turns).

blackman the Skirmisher (Human Wanderer)            Turns: 4461, Time: 00:13:26

Health: -1/54      AC: 12    Str: 23 (25) XL:     8   Next: 7%
Magic:  9/9        EV:  6    Int: 16 (17) God:    Cheibriados [***...]
Gold:   228        SH:  5    Dex: 24 (25) Spells: 8/9 levels left

rFire   . . .      SeeInvis .   a - +0 shortbow (vorpal)
rCold   + . .      Faith    .   (shield currently unavailable)
rNeg    . . .      Spirit   .   D - +0 plate armour
rPois   .          Reflect  +   (no helmet)
rElec   .          Harm     .   b - +0 cloak
rCorr   .          Rampage  .   (no gloves)
Will    .....                   k - +0 pair of boots
Stlth   ..........              h - amulet of reflection
HPRegen 0.18/turn               A - ring of protection from cold
MPRegen 0.11/turn               G - +6 ring of strength

@: mighty, lethally poisoned (-1 -> -14), very slow
A: no striking features
a: Renounce Religion, Bend Time, Temporal Distortion


You were on level 5 of the Dungeon.
You worshipped Cheibriados.
Cheibriados was most pleased with you.
You visited 2 branches of the dungeon, and saw 6 of its levels.
You also visited: Sewer.

You collected 228 gold pieces.

Inventory:

Hand Weapons
 a - a +0 vorpal shortbow (weapon)
 y - a +1 whip of venom
Missiles
 m - 5 javelins
Armour
 b - a +0 cloak (worn)
 d - a +0 robe
 k - a +0 pair of boots (worn)
 l - a +0 ring mail
 D - a +0 plate armour (worn)
Jewellery
 h - an amulet of reflection (around neck)
 A - a ring of protection from cold (left hand)
 C - a ring of wizardry
 G - a +6 ring of strength (right hand)
Wands
 q - a wand of digging (4)
 w - a wand of acid (8)
 z - a wand of roots (12)
 E - a wand of polymorph (8)
Scrolls
 c - 2 scrolls of fear
 e - a scroll of silence
 g - a scroll of immolation
 i - 2 scrolls of noise
 j - a scroll of magic mapping
 n - a scroll of amnesia
 o - a scroll of poison
 x - a scroll of enchant weapon {unknown}
 F - a scroll of fog {unknown}
 H - a scroll of acquirement {unknown}
 I - a scroll of blinking {unknown}
Potions
 f - 2 potions of flight
 p - a potion of degeneration
 r - 2 potions of mutation {unknown}
 s - a potion of curing {unknown}
 t - a potion of might
 u - a potion of resistance {unknown}
 v - a potion of magic {unknown}
 B - a potion of brilliance


   Skills:
 - Level 1.0 Fighting
 * Level 9.3 Ranged Weapons
 - Level 2.0 Stealth
 - Level 1.0 Spellcasting
 - Level 1.0 Air Magic
 - Level 1.0 Invocations


You had 8 spell levels left.
You knew the following spells:

 Your Spells              Type           Power      Damage    Failure   Level
a - Shock                 Conj/Air       8%         1d3       99%         1

Your spell library contained the following spells:

 Spells                   Type           Power      Damage    Failure   Level
 Ensorcelled Hibernation  Hex/Ice        0%         N/A       100%        2
 Passwall                 Tmut/Erth      0%         N/A       100%        2
 Static Discharge         Conj/Air       2%         3-4/arc   100%        2
 Swiftness                Air            4%         N/A       100%        3
 Airstrike                Air            2%         2d(1-17)  100%        4
 Dispel Undead            Necr           0%         3d6       100%        4
 Sticky Flame             Conj/Fire      0%         2d3       100%        4


Dungeon Overview and Level Annotations

Branches:
Dungeon (5/15)             Temple (1/1) D:4           Sewer (visited)

Altars:
Cheibriados
Dithmenos
Fedhas
Gozag
Hepliaklqana
Makhleb
Qazlal
Ru
Trog
Wu Jian
Xom
Yredelemnul
Zin
The Shining One


Message History

You shoot an arrow. The arrow hits the killer bee.
The killer bee is severely wounded.
You feel very sick. You block the killer bee's attack.
The killer bee stings you.
You are more poisoned.
The killer bee poisons you! The killer bee barely misses you.
Fire: a) +0 shortbow (vorpal)
Press: ? - help, Shift-Dir - straight line, f/p - killer bee
Aim: a killer bee (severely wounded, 45% to hit)
You shoot an arrow.
The arrow completely misses the killer bee.
You feel very sick. The killer bee stings you.
* * * LOW HITPOINT WARNING * * *
You are more poisoned.
The killer bee poisons you!
The killer bee stings you but does no damage.
The killer bee stings you.
* * * LOW HITPOINT WARNING * * *
Fire: a) +0 shortbow (vorpal)
Press: ? - help, Shift-Dir - straight line, f/p - killer bee
Aim: a killer bee (severely wounded, 45% to hit)
You shoot an arrow. The arrow misses the killer bee.
* * * LOW HITPOINT WARNING * * *
You feel very sick.
The killer bee stings you but does no damage.
You block the killer bee's attack.
The killer bee stings you but does no damage.
It was a potion of might.
You feel very mighty all of a sudden.
* * * LOW HITPOINT WARNING * * *
You feel very sick. The killer bee stings you.
* * * LOW HITPOINT WARNING * * *
The killer bee stings you.
* * * LOW HITPOINT WARNING * * *
It was a potion of degeneration.
There was something very wrong with that liquid.
You feel weakened.
You feel dopey.
You feel clumsy.
You die...

*,*#####.#.#.#.....##
#.* #...#.#......#
#.* ###...#.......
#.* #.....#####. #.*
#.#####...## #y*
#.'....._... #.*
#.#####...##
#.########.....#####.
#†.y@........#.......
##############....###
#........####
#.#####...... *,*
#..#### *,* #..# *,*
#..# *,* #..#
*,****#..#***


You could see a killer bee.

Vanquished Creatures
  Pargi (Sewer)
  An ogre (D:4)
  A kobold brigand (D:5)
  A scorpion (D:4)
  3 killer bees (D:5)
  A hound (D:5)
  2 orc priests (D:5)
  Ijyb (D:3)
  An iguana (D:5)
  4 adders
  A shadow imp (D:5)
  An ufetubus (D:5)
  4 worms
  4 dart slugs
  4 orcs
  7 ball pythons
  5 endoplasms
  5 giant cockroaches
  4 goblins
  6 hobgoblins
  5 jackals
  9 kobolds
  3 quokkas
  7 bats
  5 frilled lizards
  5 rats
91 creatures vanquished.

Vanquished Creatures (others)
  An orc wizard (D:5)
1 creature vanquished.

Grand Total: 92 creatures vanquished

Notes
Turn   | Place    | Note
-------+----------+-------------------------------------------
     0 | D:1      | blackman the Human Wanderer began the quest for the Orb.
     0 | D:1      | blackman set off with the following items: a +0 shortbow, a
                  | +0 cloak, a scroll of fear, a +0 robe; and the following
                  | spell memorised: Shock; and the following spells available
                  | to memorise: Swiftness.
     0 | D:1      | Reached XP level 1. HP: 15/15 MP: 2/2
   340 | D:1      | Reached XP level 2. HP: 21/21 MP: 3/3
   575 | D:1      | Reached XP level 3. HP: 23/26 MP: 4/4
   733 | D:1      | Found a faded altar of an unknown god.
   735 | D:1      | Reached skill level 5 in Ranged Weapons
   743 | D:1      | Prayed at the altar of an unknown god.
   743 | D:1      | Became a worshipper of Cheibriados the Contemplative
   743 | D:1      | Reached * piety under Cheibriados
  1545 | D:2      | Reached XP level 4. HP: 32/32 MP: 5/5
  2032 | D:3      | Noticed Ijyb
  2075 | D:3      | Killed Ijyb
  2271 | D:3      | Reached skill level 6 in Ranged Weapons
  2271 | D:3      | Reached XP level 5. HP: 27/37 MP: 3/6
  2505 | D:3      | Reached ** piety under Cheibriados
  2859 | D:4      | Found a sacrificial altar of Ru.
  2860 | D:4      | Found a bloodstained altar of Trog.
  2862 | D:4      | Found a glowing golden altar of the Shining One.
  3101 | D:4      | Noticed an ogre
  3105 | D:4      | Killed an ogre
  3106 | D:4      | Reached skill level 7 in Ranged Weapons
  3106 | D:4      | Reached XP level 6. HP: 43/43 MP: 7/7
  3534 | D:4      | Found a staircase to the Ecumenical Temple.
  3540 | Temple   | Entered the Ecumenical Temple
  3626 | D:5      | Entered Level 5 of the Dungeon
  3669 | D:5      | Reached XP level 7. HP: 27/48 MP: 8/8
  3858 | D:5      | Reached skill level 8 in Ranged Weapons
  3980 | D:5      | Found a glowing drain.
  3989 | Sewer    | Entered a sewer
  4018 | Sewer    | Reached *** piety under Cheibriados
  4139 | Sewer    | Noticed Pargi
  4148 | Sewer    | Killed Pargi
  4412 | D:5      | Found a hazy altar of Hepliaklqana.
  4454 | D:5      | Reached skill level 9 in Ranged Weapons
  4455 | D:5      | Reached XP level 8. HP: 35/54 MP: 9/9
  4460 | D:5      | HP: 1/54 [killer bee (2)]
  4461 | D:5      | Succumbed to a killer bee's poison

Illustrated notes

Levels and vault maps discovered:
D:1:      mrwooster_arrival_statue_3, layout_loops_ring,
          shapermc_ecumenical_altar_notcrosses
D:2:      layout_loops_ring
D:3:      kennysheep_big_flooded_room, layout_rooms, grunt_ministairs_3,
          uniq_ijyb
D:4:      layout_layer_cave, grunt_temple_overflow_open,
          minmay_temple_entry_enclosed_plants
D:5:      layout_basic, mainiacjoe_overflow_surrounded_room,
          gup_sewer_entry_bowl
Temple:   eino_temple_lava

Skill      XL: |  1  2  3  4  5  6  7 |
---------------+----------------------+-----
Ranged Weapons | 5 6 7 9 |  9.3
Fighting       | |  1.0
Stealth        | |  2.0
Spellcasting   | |  1.0
Air Magic      | |  1.0
Invocations    | |  1.0

Action                   |  1- 3 |  4- 6 |  7- 9 || total
-------------------------+-------+-------+-------++-------
 Fire: Shortbow          |    89 |   123 |    53 ||   265
Throw: Javelin           |       |     1 |       ||     1
Invok: Bend Time         |       |     1 |       ||     1
Evoke: Wand              |       |     6 |     6 ||    12
  Use: Scroll            |     3 |     6 |     1 ||    10
       Potion            |       |     2 |     3 ||     5
Armor: Robe              |     5 |       |       ||     5
       Ring mail         |       |    41 |     4 ||    45
       Plate armour      |       |       |    27 ||    27
Dodge: Dodged            |    20 |    32 |    12 ||    64
Block: Other             |     7 |    30 |    11 ||    48
